 Dungeon Crawl Stone Soup version 0.32-a0-732-ga344392067 (webtiles) character file.

Game seed: 4787677622605566322

809 ezpacito the Chopper (level 7, -3/66 HPs)
             Began as a Coglin Chaos Knight on Mar 16, 2024.
             Was a Plaything of Xom.
             Slain by a gnoll
             ... wielding a +0 halberd
             ... led by Xom
              (12 damage)
             ... on level 5 of the Dungeon.
             The game lasted 00:03:49 (3774 turns).

ezpacito the Chopper (Coglin Chaos Knight)          Turns: 3774, Time: 00:03:50

Health: -3/66      AC: 11    Str:  9 (12) XL:     7   Next: 92%
Magic:  9/9        EV:  4    Int: 12 (15) God:    Xom [...*..]
Gold:   232        SH:  0    Dex: 14 (16) Spells: 3/9 levels left

rFire   . . .        a - +0 hand axe (chaos) {Ramose}
rCold   + . .        f - +0 trident {Minjun}
rNeg    . . .        n - +0 chain mail {rC+}
rPois   .            l - +0 helmet
rElec   .            (no cloak)
rCorr   .            d - +0 pair of gloves
SInv    .            (no boots)
Will    .....        (amulet unavailable) Stlth
                     (ring unavailable)
HPRegen 0.31/turn    (ring unavailable)
MPRegen 0.11/turn    (no gizmo)

%: clarity
@: weakened, attractive, revving
A: off-hand wielding, slow wielding, warmup strikes, no jewellery, agile 1,
clarity, clever 1, robust 2
a: Invent Gizmo, Renounce Religion


You were on level 5 of the Dungeon.
You worshipped Xom.
You were a favourite toy of Xom.
You visited 1 branch of the dungeon, and saw 5 of its levels.

You collected 232 gold pieces.

Inventory:

Hand Weapons
 a - a +0 hand axe of chaos (weapon) {Ramose}
 f - a +0 trident (offhand) {Minjun}
 j - a +0 war axe
Missiles
 b - 6 curare-tipped darts (quivered)
Armour
 d - a +0 pair of gloves (worn)
 l - a +0 helmet (worn)
 n - a +0 chain mail of cold resistance (worn)
Scrolls
 e - a scroll of enchant weapon {unknown}
 g - 2 scrolls of teleportation {unknown}
 h - 2 scrolls of identify {unknown}
 i - a scroll of revelation {unknown}
 k - a scroll of vulnerability {unknown}
 m - a scroll of enchant armour {unknown}


   Skills:
 * Level 4.5 Fighting
 * Level 4.5(4.8) Axes
 + Level 2.1(3.4) Polearms
 * Level 3.5 Armour
 * Level 3.1 Dodging
 + Level 1.9 Stealth
 + Level 1.9 Spellcasting
 + Level 1.7 Alchemy


You had 3 spell levels left.
You knew the following spells:

 Your Spells              Type           Power      Damage    Failure   Level
a - Lesser Beckoning      Tloc           2%         N/A       100%        2
s - Sticky Flame          Fire/Alch      3%         2d4       100%        4

Your spell library contained the following spells:

 Spells                   Type           Power      Damage    Failure   Level
 Foxfire                  Conj/Fire      4%         2x1d4     100%        1
 Gell's Gravitas          Tloc           1%         N/A       100%        3
 Inner Flame              Hex/Fire       1%         N/A       100%        3
 Teleport Other           Tloc           1%         N/A       100%        3
 Flame Wave               Conj/Fire      1%         2d4       100%        4
 Passage of Golubria      Tloc           1%         N/A       100%        4
 Silence                  Hex/Air        0%         N/A       100%        5
 Plasma Beam              Fire/Air       0%         2x1d10    100%        6
 Starburst                Conj/Fire      0%         6d3       100%        6
 Lehudib's Crystal Spear  Conj/Erth      0%         10d2      100%        8


Dungeon Overview and Level Annotations

Branches:
Dungeon (5/15)
 Temple: D:4-7

Altars:
Fedhas
Okawaru

Shops:
D:5 (


Innate Abilities, Weirdness & Mutations

You can wield a second weapon in your off-hand.
It takes a long time for you to wield or remove held weapons.
Your first few attacks do less damage.
You cannot equip rings or amulets.
You are agile. (Dex +4, Str/Int -1)
You possess an exceptional clarity of mind.
Your mind is acute. (Int +4, Str/Dex -1)
You are very robust. (+20% HP)


Message History

You closely miss the gnoll with your +0 trident.
The gnoll is almost dead.
You hit the gnoll with your +0 hand axe of chaos.
You kill the gnoll!
The gnoll's corpse disappears in a puff of smoke!
The gnoll bouda gazes fiercely through you!
You feel your attacks grow feeble. The gnoll misses your butterfly.
The gnoll hits you with a +0 whip!
* * * LOW HITPOINT WARNING * * *
You take 7 damage, and have 14/66 hp.
The gnoll is no longer moving quickly.
The gnoll bouda barks out a call to the hunt!
The gnoll picks up the pace!
The gnoll bouda is attracted toward you.
The gnoll hits your butterfly with a +0 whip.
Your butterfly dies!
Your butterfly disappears in a burst of colours!
The gnoll bouda is attracted toward you.
The gnoll is attracted toward you.
The gnoll bouda gazes fiercely through you!
You feel as though you will be weak longer.
The gnoll hits you from afar with a +0 halberd!
* * * LOW HITPOINT WARNING * * *
The gnoll is attracted toward you.
You take 7 damage, and have 8/66 hp.
Okay, then.
You aren't carrying any potions.
Okay, then.
You aren't carrying any items that you can evoke.
The gnoll misses your butterfly.
The gnoll bouda attacks as it pursues you!
The gnoll bouda completely misses you. The gnoll attacks as it pursues you!
The gnoll hits you but does no damage.
You hit the gnoll bouda with your +0 trident.
The gnoll bouda is severely wounded.
You hit the gnoll bouda but do no damage.
The gnoll bouda barks out a call to the hunt!
The gnoll picks up the pace!
The gnoll hits you from afar with a +0 halberd!
You die...

#.## #.# #.# ##.. ##.#
.... #... #[.#>.... ##b.
#########.##..... #.b.
##.....b##.#...... #§.#
#.....b.#..#......
bb.#####...§.bgg..#......
.bbbg.........##@..## ...
b§g######..####.....#....
...# #### #...........
g.b. #...∩.)..... ..b.#
#...........


bbb.# ##.†...#.... ..... ##...##.... ..... ##... #.. ...... ##### .# You could
see a gnoll bouda (summoned, ally target) and a gnoll (summoned, swift).

Vanquished Creatures
  A hog (D:3)
  A black bear (D:3)
  A phantom (D:4)
  A scorpion (D:5)
  3 hounds
  An orc priest (D:3)
  2 sleepcaps (D:5)
  Natasha (thrice) (D:2)
  2 orc wizards (D:3)
  4 gnolls (D:2)
  2 adders
  A dart slug (D:2)
  A ribbon worm (D:3)
  16 orcs
  4 ball pythons
  6 bats
  4 endoplasms
  4 giant cockroaches
  9 goblins
  10 hobgoblins
  16 jackals
  2 quokkas
  3 frilled lizards
  4 kobolds
  6 rats
107 creatures vanquished.

Notes
Turn   | Place    | Note
-------+----------+-------------------------------------------
     0 | D:1      | ezpacito the Coglin Chaos Knight began the quest for the
                  | Orb.
     0 | D:1      | Reached XP level 1. HP: 18/18 MP: 1/1
    51 | D:1      | Reached skill level 1 in Dodging
    98 | D:1      | Reached XP level 2. HP: 24/24 MP: 2/2
   284 | D:1      | XOM: silly message
   407 | D:1      | XOM: 10-stop teleportation journey
   657 | D:1      | XOM: divination: detect creatures
   704 | D:1      | XOM: give mutations
   704 | D:1      | Gained mutation: You have hidden genetic potential. [Xom's
                  | grace]
   704 | D:1      | Gained mutation: Your mind is acute. (Int +4, Str/Dex -1)
                  | [Xom's grace]
   704 | D:1      | Gained mutation: You are robust. (+10% HP) [Xom's grace]
   704 | D:1      | Gained mutation: You are very robust. (+20% HP) [Xom's
                  | grace]
   823 | D:1      | Reached XP level 3. HP: 34/34 MP: 3/3
   862 | D:1      | XOM: scenery: summon butterflies
   953 | D:1      | XOM: god gift: lumpy white potion {god gift}
  1014 | D:2      | Noticed Natasha
  1019 | D:2      | XOM: enchant monster (good)
  1023 | D:2      | XOM: confusion (+ monsters)
  1025 | D:2      | Killed Natasha
  1035 | D:2      | Gained mutation: You are agile. (Dex +4, Str/Int -1)
                  | [hidden potential]
  1094 | D:2      | Noticed Natasha
  1097 | D:2      | XOM: noise
  1102 | D:2      | XOM: swap monsters
  1103 | D:2      | Reached XP level 4. HP: 40/42 MP: 4/4
  1106 | D:2      | Killed Natasha
  1129 | D:2      | Noticed Natasha
  1141 | D:2      | Killed Natasha
  1142 | D:2      | Reached skill level 1 in Polearms
  1145 | D:2      | Gained mutation: You possess an exceptional clarity of
                  | mind. [hidden potential]
  1145 | D:2      | Lost mutation: You have hidden genetic potential. [hidden
                  | potential expressed]
  1262 | D:2      | Reached XP level 5. HP: 49/49 MP: 6/6
  1412 | D:2      | XOM: enchant monster (good)
  1431 | D:2      | Reached skill level 1 in Spellcasting
  1462 | D:2      | XOM: draining
  1607 | D:2      | Learned a level 2 spell: Lesser Beckoning
  1612 | D:2      | Learned a level 4 spell: Sticky Flame
  1741 | D:3      | Reached skill level 1 in Stealth
  2331 | D:3      | Reached XP level 6. HP: 52/53 MP: 7/7
  2543 | D:3      | an orc changed into a hog
  2543 | D:3      | Noticed a hog
  2543 | D:3      | XOM: polymorph orc -> hog
  2544 | D:3      | XOM: noise
  2548 | D:3      | XOM: enchant monster (good)
  2550 | D:3      | Killed a hog
  2551 | D:3      | Reached skill level 1 in Alchemy
  2553 | D:3      | XOM: butterfly on damage
  2559 | D:3      | Reached XP level 7. HP: 8/64 MP: 7/9
  2876 | D:4      | XOM: silly message
  3252 | D:4      | Found a blossoming altar of Fedhas.
  3252 | D:4      | Found an iron altar of Okawaru.
  3671 | D:5      | Entered Level 5 of the Dungeon
  3704 | D:5      | Found Giumor's Weapon Emporium.
  3738 | D:5      | XOM: potion effect (attraction)
  3755 | D:5      | XOM: summons 1 hostile shadow creature
  3774 | D:5      | Slain by a gnoll

Illustrated notes

Levels and vault maps discovered:
D:1:      minmay_arrival_wavy_path, layout_basic, minmay_hexomino_r4
D:2:      layout_rooms, grunt_decor_junction, uniq_natasha
D:3:      layout_basic, kennysheep_small_spiral, corexii_corridor_pit
D:4:      layout_basic, gammafunk_temple_overflow_statue
D:5:      layout_cave_pods, serial_shops, nicolae_shop_bloodbath_and_beyond,
          gammafunk_ghost_stat_death, minivault_4, nicolae_shop_firing_range,
          uniq_menkaure, uniq_grinder

Skill      XL: |  1  2  3  4  5  6  7 |
---------------+----------------------+-----
Dodging        | 1 2 3 |  3.1
Armour         | 2 3 |  3.5
Polearms       | 1 2 |  2.1
Spellcasting   | 1 |  1.9
Stealth        | 1 |  1.9
Fighting       | 4 |  4.5
Axes           | 4 |  4.5
Alchemy        | 1 |  1.7

Action                     |  1- 3 |  4- 6 |  7- 9 || total
---------------------------+-------+-------+-------++-------
  Melee: Hand axe          |    48 |   105 |    60 ||   213
         Dagger            |    13 |       |       ||    13
         Trident           |    36 |   136 |    69 ||   241
    Use: Potion            |       |       |     4 ||     4
         Scroll            |       |       |     1 ||     1
   Stab: Confused          |     1 |     2 |       ||     3
         Petrified         |       |     4 |       ||     4
         Sleeping          |       |     2 |       ||     2
         Paralysed         |       |     4 |       ||     4
 Armour: Leather armour    |    31 |    36 |       ||    67
         Chain mail        |       |    40 |    60 ||   100
  Dodge: Dodged            |    24 |    36 |    22 ||    82

Table legend: (Time is in decaauts)
 A = Elapsed time spent in this place.
 B = Non-inter-level travel time spent in this place.
 C = Inter-level travel time spent in this place.
 D = Time resting spent in this place.
 E = Time spent auto-exploring this place.
 F = Levels seen in this place.
 G = Mean time per level.
                   A        B        C        D        E       F      G
               +--------+--------+--------+--------+--------+-----+--------+
         Total |   3810 |   3651 |    159 |     74 |   2965 |   5 |  762.0 |
       Dungeon |   3810 |   3651 |    159 |     74 |   2965 |   5 |  762.0 |
               +--------+--------+--------+--------+--------+-----+--------+

Top non-repeatable levels by time:
     D:3: 1237 daAuts
     D:1: 1002 daAuts
     D:4: 822 daAuts
     D:2: 643 daAuts
     D:5: 105 daAuts
